 Dungeon Crawl Stone Soup version 0.28-a0-1567-g1695149f81 (webtiles) character file.

Game seed: 10780995119384402108

2 Pin the Chopper (level 1, -1/19 HPs)
             Began as a Hill Orc Monk on Jan 20, 2022.
             Slain by a jackal (2 damage)
             ... on level 1 of the Dungeon.
             The game lasted 00:00:48 (87 turns).

Pin the Chopper (Hill Orc Monk)                       Turns: 87, Time: 00:00:48

Health: -1/19      AC:  0    Str: 13    XL:     1   Next: 30%
Magic:  1/1        EV: 12    Int: 10    God:
Gold:   0          SH:  0    Dex: 13    Spells: 0/0 levels left

rFire   . . .      SeeInvis .   a - +0 hand axe
rCold   . . .      Faith    .   (no shield)
rNeg    . . .      Spirit   .   (no armour)
rPois   .          Reflect  .   (no helmet)
rElec   .          Harm     .   (no cloak)
rCorr   .          Rampage  .   (no gloves)
Will    .....                   (no boots)
Stlth   ++........              (no amulet)
HPRegen 0.06/turn               (no ring)
MPRegen 0.07/turn               (no ring)

@: no status effects
A: no striking features
a: no special abilities


You were on level 1 of the Dungeon.
You visited 1 branch of the dungeon, and saw 1 of its levels.

Inventory:

Hand Weapons
 a - a +0 hand axe (weapon)
Armour
 b - a +0 robe
 d - a +0 ring mail
Scrolls
 c - a scroll of teleportation {unknown}


   Skills:
 - Level 3.6 Fighting
 - Level 4.0 Axes
 + Level 0.7 Armour
 - Level 2.4 Dodging
 - Level 1.5 Stealth


You couldn't memorise any spells.
You didn't know any spells.
Your spell library was empty.

Dungeon Overview and Level Annotations

Branches:
Dungeon (1/15)

Altars:


Message History

You continue taking off your +0 robe.
The jackal completely misses you. The jackal misses you. The jackal bites you.
The jackal misses you.
You finish taking off your +0 robe.
You closely miss the jackal.
The hobgoblin shouts!
You hit the jackal but do no damage. The jackal misses you.
The jackal bites you.
You miss the jackal. You closely miss the jackal. The jackal bites you.
The jackal closely misses you. The jackal bites you.
The jackal pauses to sniff the ground.
The jackal barely misses you.
You closely miss the jackal. You hit the jackal. The jackal misses you.
The jackal bites you.
You closely miss the jackal. You hit the jackal. The jackal misses you. x2
The jackal closely misses you. The jackal bites you.
* * * LOW HITPOINT WARNING * * *
You closely miss the jackal. You hit the jackal.
You kill the jackal!
The jackal closely misses you.
You closely miss the jackal. The jackal closely misses you.
The jackal bites you.
* * * LOW HITPOINT WARNING * * *
You closely miss the jackal. You barely miss the hobgoblin.
The hobgoblin hits you.
* * * LOW HITPOINT WARNING * * *
The jackal barely misses you.
You miss the jackal. You barely miss the hobgoblin. The jackal bites you.
* * * LOW HITPOINT WARNING * * *
The hobgoblin closely misses you. The jackal closely misses you.
The hobgoblin misses you.
You hit the jackal but do no damage. You completely miss the hobgoblin.
The jackal barely misses you. The hobgoblin closely misses you.
Unknown command.
Unknown command.
You hit the jackal.
The jackal is moderately wounded.
You hit the hobgoblin but do no damage. The jackal barely misses you.
The jackal bites you.
You die...

############
...........#####
.#######.......###
#.......###.....@##
...........###.gh†#
.#######......#...# ##
###.....#...#
##....#...#
##....#..... ##
###.....#...#..
.#######......#...###.
...........###....#


You could see a jackal and a hobgoblin.

Vanquished Creatures
  A jackal (D:1)
  A frilled lizard (D:1)
2 creatures vanquished.

Notes
Turn   | Place    | Note
-------+----------+-------------------------------------------
     0 | D:1      | Pin the Hill Orc Monk began the quest for the Orb.
     0 | D:1      | Reached XP level 1. HP: 19/19 MP: 1/1
    87 | D:1      | Slain by a jackal

Illustrated notes

Levels and vault maps discovered:
D:1:      dpeg_arrival_oval, layout_rooms, moated_statue

Action                   || total
-------------------------++-------
Melee: Hand axe          ||    13
Dodge: Dodged            ||    26

Table legend: (Time is in decaauts)
 A = Elapsed time spent in this place.
 B = Non-inter-level travel time spent in this place.
 C = Inter-level travel time spent in this place.
 D = Time resting spent in this place.
 E = Time spent auto-exploring this place.
 F = Levels seen in this place.
 G = Mean time per level.
                   A        B        C        D        E       F      G
               +--------+--------+--------+--------+--------+-----+--------+
         Total |     88 |     88 |      0 |      0 |     60 |   1 |   88.0 |
       Dungeon |     88 |     88 |      0 |      0 |     60 |   1 |   88.0 |
               +--------+--------+--------+--------+--------+-----+--------+

Top non-repeatable levels by time:
     D:1: 88 daAuts
